 Dungeon Crawl Stone Soup version 0.31.0-12-g77e489cdc1 (webtiles) character file.

Game seed: 17697161943262409375

38 Balder the Cudgeller (level 3, -3/30 HPs)
             Began as a Minotaur Gladiator on Feb 25, 2024.
             Slain by Sigmund
             ... wielding a +0 scythe
              (9 damage)
             ... on level 2 of the Dungeon.
             The game lasted 00:04:37 (1508 turns).

Balder the Cudgeller (Minotaur Gladiator)           Turns: 1508, Time: 00:04:37

Health: -3/30      AC:  4    Str: 18    XL:     3   Next: 25%
Magic:  2/2        EV: 12    Int:  5    God:
Gold:   70         SH:  0    Dex: 13    Spells: 2/2 levels left

rFire   . . .        a - +0 flail
rCold   . . .        (no shield)
rNeg    . . .        b - +0 leather armour
rPois   +            c - +0 hat
rElec   .            (no cloak)
rCorr   .            n - +0 pair of gloves
SInv    .            (no boots)
Will    .....        (no amulet)
Stlth   +            g - ring of flight
HPRegen 0.25/turn    i - ring of poison resistance
MPRegen 0.08/turn

%: no passive effects
@: mighty, flying
A: horns 2, retaliatory headbutt
a: no special abilities


You were on level 2 of the Dungeon.
You visited 1 branch of the dungeon, and saw 2 of its levels.

You collected 70 gold pieces.

Inventory:

Hand Weapons
 a - a +0 flail (weapon)
 q - a +1 hand axe of flaming
Missiles
 d - 4 throwing nets (quivered)
 e - a javelin
 m - 7 poisoned darts
Armour
 b - a +0 leather armour (worn)
 c - a +0 hat (worn)
 n - a +0 pair of gloves (worn)
Jewellery
 g - a ring of flight (left hand)
 i - a ring of poison resistance (right hand)
Talismans
 p - a flux talisman
Scrolls
 f - 2 scrolls of enchant weapon {unknown}
 h - 2 scrolls of identify {unknown}
 j - 2 scrolls of fear {unknown}
 r - a scroll of poison {unknown}
 t - 2 scrolls of amnesia {unknown}
Potions
 k - a potion of might
 l - a potion of haste {unknown}
 o - 4 potions of curing {unknown}
 s - a potion of mutation {unknown}


   Skills:
 * Level 2.6 Fighting
 * Level 4.1 Maces & Flails
 * Level 2.2 Throwing
 * Level 1.2 Armour
 * Level 3.6 Dodging
 * Level 0.7 Stealth


You had 2 spell levels left.
You didn't know any spells.
Your spell library was empty.

Dungeon Overview and Level Annotations

Branches:
Dungeon (2/15)

Altars:

Annotations:
D:2 Sigmund


Innate Abilities, Weirdness & Mutations

You have a pair of horns on your head.
You reflexively headbutt those who attack you in melee.


Message History

Things that are here:
a +0 club; 5 stones You now have 70 gold pieces (gained 7).
Things that are here:
a +0 club; 5 stones You see here a ball python corpse.
As you open the door, it creaks loudly!
There is an open door here.
You reach down and open the door.
There is an open door here.
Sigmund the Dreaded comes into view.
He is wielding a +0 scythe.
Sigmund shouts!
Sigmund casts a spell at you.
You are confused.
Non-targeted confused throw: 4 throwing nets
Press: ? - help, Q - select action, (/) - cycle Dir - look around, f - activate
Okay, then.
You bump into the rock wall.
You bump into the rock wall.
You feel less confused. Sigmund attacks as he pursues you!
Sigmund hits you from afar with a +0 scythe!
Unknown command.
Sigmund casts a spell.
Sigmund flickers and vanishes!
Deactivating autopickup; reactivate with Ctrl-A.
Throw: 4 throwing nets
Press: ? - help, Q - select action, (/) - cycle Shift-Dir - straight line
Okay, then.
Something hits you but does no damage.
You barely miss something. Something hits you.
You closely miss something. Something hits you but does no damage.
You closely miss something. Your headbutt misses something. Something hits you!
It was a potion of might.
You feel very mighty all of a sudden.
You barely miss something. You headbutt something. Something hits you.
* * * LOW HITPOINT WARNING * * *
You completely miss something. Something hits you but does no damage.
You thump something! Something hits you!
You die...

########. ####### #...@....
......# #.######. #####.# #{# #.#
#@# #.# #.# #.# #.## #.# #..#
##+## #.# ##.# ##...## ##.# #.##
##....>## ##..#
####..######.......#
###...########........##.........
..................)....'........<


There were no monsters in sight!

Vanquished Creatures
  An adder (D:2)
  3 endoplasms
  2 giant cockroaches (D:1)
  A goblin (D:1)
  3 hobgoblins
  2 jackals (D:2)
  5 kobolds
  3 ball pythons
  2 bats (D:1)
  4 rats
26 creatures vanquished.

Notes
Turn   | Place    | Note
-------+----------+-------------------------------------------
     0 | D:1      | Balder the Minotaur Gladiator began the quest for the Orb.
     0 | D:1      | Reached XP level 1. HP: 18/18 MP: 0/0
   227 | D:1      | Reached XP level 2. HP: 25/25 MP: 1/1
   997 | D:2      | Reached skill level 4 in Maces & Flails
  1053 | D:2      | Reached skill level 1 in Armour
  1238 | D:2      | Reached XP level 3. HP: 25/30 MP: 2/2
  1491 | D:2      | Noticed Sigmund
  1508 | D:2      | Slain by Sigmund

Illustrated notes

Levels and vault maps discovered:
D:1:      dpeg_arrival_tiny_k, layout_basic, chequers_arboretum
D:2:      layout_loops_corners, uniq_sigmund

Skill      XL: |  1  2 |
---------------+-------+-----
Maces & Flails | 4 |  4.1
Armour         | 1 |  1.2
Fighting       | |  2.6
Throwing       | |  2.2
Dodging        | |  3.6
Stealth        | |  0.7

Action                     || total
---------------------------++-------
  Melee: Flail             ||    58
         Headbutt          ||    11
         Punch             ||     1
  Throw: Throwing net      ||     1
    Use: Potion            ||     1
 Armour: Leather armour    ||    37
  Dodge: Dodged            ||    34
